 Dungeon Crawl Stone Soup version 0.30-a0-782-ge64f9170bb (webtiles) character file.

Game seed: 12287861127986002114

77 mopl the Caller (level 4, -3/30 HPs)
             Began as a Merfolk Summoner on Mar 6, 2023.
             Slain by a gnoll
             ... wielding a +0 flail
             ... led by a gnoll bouda
              (5 damage)
             ... on level 3 of the Dungeon.
             The game lasted 00:03:44 (2612 turns).

mopl the Caller (Merfolk Summoner)                  Turns: 2612, Time: 00:03:45

Health: -3/30      AC:  6    Str: 10    XL:     4   Next: 34%
Magic:  0/8        EV: 10    Int: 14    God:
Gold:   149        SH:  0    Dex: 14    Spells: 0/8 levels left

rFire   . . .      SeeInvis .    f - +0 trident
rCold   . . .      Faith    .    (no shield)
rNeg    . . .      Spirit   +    l - +0 ring mail
rPois   .          Reflect  .    (no helmet)
rElec   .          Harm     .    s - +0 cloak
rCorr   .          Rampage  .    (no gloves)
Will    .....                    (no boots)
Stlth   +                        k - amulet of guardian spirit
HPRegen 0.25/turn                (no ring)
MPRegen 0.11/turn                (no ring)

@: no status effects
A: (nimble swimmer 2), mertail
a: no special abilities


You were on level 3 of the Dungeon.
You visited 1 branch of the dungeon, and saw 4 of its levels.

You collected 149 gold pieces.

Inventory:

Hand Weapons
 f - a +0 trident (weapon)
Missiles
 t - 3 boomerangs
Armour
 l - a +0 ring mail (worn)
 s - a +0 cloak (worn)
Jewellery
 k - an amulet of guardian spirit (around neck)
 r - a ring of flight
Scrolls
 d - 2 scrolls of poison {unknown}
 e - a scroll of vulnerability {unknown}
 g - 3 scrolls of identify {unknown}
 h - a scroll of torment {unknown}
 i - 2 scrolls of teleportation {unknown}
 n - a scroll of fog {unknown}
 p - a scroll of blinking {unknown}
 q - a scroll of amnesia {unknown}
Potions
 a - a potion of mutation {unknown}
 b - a potion of magic
 c - 2 potions of haste {unknown}
 j - a potion of heal wounds {unknown}
 m - 2 potions of flight {unknown}
 o - 3 potions of curing {unknown}
 u - a potion of attraction {unknown}


   Skills:
 + Level 2.4 Polearms
 - Level 2.6 Dodging
 - Level 2.1 Stealth
 + Level 2.9 Spellcasting
 + Level 4.6 Summonings
 + Level 0.2 Translocations


You couldn't memorise any spells.
You knew the following spells:

 Your Spells              Type           Power      Damage    Failure   Level
a - Summon Small Mammal   Summ           60%        N/A       9%          1
b - Call Imp              Summ           15%        N/A       13%         2
c - Call Canine Familiar  Summ           15%        N/A       26%         3
e - Blink                 Tloc           4%         N/A       61%         2

Your spell library contained the following spells:

 Spells                   Type           Power      Damage    Failure   Level
 Summon Guardian Golem    Hex/Summ       8%         N/A       54%         3
 Lesser Beckoning         Tloc           4%         N/A       61%         2
 Momentum Strike          Conj/Tloc      4%         3d8       63%         2
 Summon Lightning Spire   Summ/Air       8%         N/A       91%         4


Dungeon Overview and Level Annotations

Branches:
Dungeon (4/15)
 Temple: D:4-7

Altars:


Innate Abilities, Weirdness & Mutations

((You are very nimble when in or above water. (Stealth+, EV+, Speed+++)))
Your lower body shifts to a powerful aquatic tail in water.


Message History

You are too injured to fight recklessly!
You are too injured to fight recklessly!
You are too injured to fight recklessly!
You are too injured to fight recklessly!
You are too injured to fight recklessly!
You are too injured to fight recklessly!
You are too injured to fight recklessly!
You are too injured to fight recklessly!
You are too injured to fight recklessly!
You are too injured to fight recklessly!
The gnoll attacks as you move away! The gnoll barely misses you.
The gnoll attacks as you move away! The gnoll hits you with a +0 club.
The gnoll barely misses you. The gnoll attacks as you move away!
The gnoll barely misses you. The gnoll attacks as you move away!
The gnoll hits you but does no damage. The gnoll barely misses you.
The gnoll attacks as you move away! The gnoll hits you with a +0 club.
* * * LOW HITPOINT WARNING * * *
The gnoll hits you with a +0 flail.
* * * LOW HITPOINT WARNING * * *
The gnoll barely misses you. The gnoll barely misses you.
There is a stone staircase leading up here.
The gnoll is no longer moving quickly.
The gnoll hits you with a +0 flail.
* * * LOW HITPOINT WARNING * * *
You climb upwards.
There is a stone staircase leading down here.
Casting: Summon Small Mammal (safe; 9% risk of failure)
Confirm with . or Enter, or press ? or * to list all spells.
The gnoll hits you with a +0 flail!
* * * LOW HITPOINT WARNING * * *
The gnoll attacks as you move away! The gnoll hits you but does no damage.
The gnoll closely misses your bat.
Your bat hits the gnoll but does no damage.
You see here a +0 robe.
Your bat hits the gnoll.
Your bat barely misses the gnoll.
There is a stone staircase leading up here.
The gnoll hits you with a +0 flail.
You die...

........# ##'## #.##..##.#
###....## ##...## #.##.###.#
####.# ##.....## #.##.###.#
##.#.# ##.......## #........#
##....###.........####.....#####
#.......+....>....+.............
##....###...b.[...####.....#####
##....###.....g<## ##....#
#...#.# ##....@## #....# #.#...#
##...## #..#.# #.##### ##'##
#....# #.# #.# #.#### #.#
#.#########.# #.# ##........##.#
#.#########...#####.##.#
#........#..)...###.##.#
#.######.##....#.##.##.#


You could see a gnoll (swift, ally target) and a friendly bat (summoned).

Vanquished Creatures
  An adder (D:4)
  3 worms
  A dart slug (D:1)
  An orc (D:3)
  3 ball pythons (D:3)
  2 endoplasms
  A giant cockroach (D:1)
  5 goblins
  10 hobgoblins
  3 quokkas
  10 bats
  2 frilled lizards
  4 kobolds
  6 rats
52 creatures vanquished.

Vanquished Creatures (collateral kills)
  A kobold (D:1)
1 creature vanquished.

Grand Total: 53 creatures vanquished

Notes
Turn   | Place    | Note
-------+----------+-------------------------------------------
     0 | D:1      | mopl the Merfolk Summoner began the quest for the Orb.
     0 | D:1      | Reached XP level 1. HP: 13/13 MP: 3/3
   164 | D:1      | Reached XP level 2. HP: 10/19 MP: 5/5
   238 | D:1      | Reached skill level 1 in Polearms
   308 | D:1      | Learned a level 2 spell: Call Imp
   437 | D:1      | Reached XP level 3. HP: 23/24 MP: 6/6
   701 | D:1      | Learned a level 3 spell: Call Canine Familiar
  1205 | D:2      | Reached skill level 2 in Polearms
  1699 | D:2      | Found a faded altar of an unknown god.
  2169 | D:3      | Reached XP level 4. HP: 30/30 MP: 8/8
  2172 | D:3      | Learned a level 2 spell: Blink
  2608 | D:3      | HP: 1/30 [gnoll/+0 flail[a gnoll bouda] (5)]
  2612 | D:3      | Slain by a gnoll

Illustrated notes

Levels and vault maps discovered:
D:1:      scummos_arrival_hexagon, layout_basic, dk_noncrumbling_4, st_stairs_3,
          chequers_garden
D:2:      layout_loops_cross, dreamdust_ecumenical_altar_angels_and_demons
D:3:      layout_loops_corners
D:4:      layout_rooms

Skill      XL: |  1  2  3 |
---------------+----------+-----
Polearms       | 1 2 |  2.4
Dodging        | |  2.6
Stealth        | |  2.1
Spellcasting   | |  2.9
Summonings     | |  4.6
Translocations | |  0.2

Action                     |  1- 3 |  4- 6 || total
---------------------------+-------+-------++-------
  Melee: Unarmed           |    23 |       ||    23
         Trident           |   146 |    36 ||   182
         Dagger            |     3 |       ||     3
         Punch             |       |     1 ||     1
   Cast: Summon Small Mamm |    11 |     1 ||    12
   Stab: Sleeping          |    13 |     2 ||    15
         Distracted        |     1 |       ||     1
 Armour: Robe              |    14 |       ||    14
         Ring mail         |    21 |    14 ||    35
  Dodge: Dodged            |    77 |    36 ||   113

Table legend: (Time is in decaauts)
 A = Elapsed time spent in this place.
 B = Non-inter-level travel time spent in this place.
 C = Inter-level travel time spent in this place.
 D = Time resting spent in this place.
 E = Time spent auto-exploring this place.
 F = Levels seen in this place.
 G = Mean time per level.
                   A        B        C        D        E       F      G
               +--------+--------+--------+--------+--------+-----+--------+
         Total |   2650 |   2547 |    103 |    201 |   1781 |   4 |  662.5 |
       Dungeon |   2650 |   2547 |    103 |    201 |   1781 |   4 |  662.5 |
               +--------+--------+--------+--------+--------+-----+--------+

Top non-repeatable levels by time:
     D:1: 1135 daAuts
     D:3: 793 daAuts
     D:2: 696 daAuts
     D:4: 24 daAuts
